 Dungeon Crawl Stone Soup version 0.31-a0-1547-g618ab1f346 (webtiles) character file.

Game seed: 5905716995572920633

210 Flugslaktarn the Trooper (level 5, -9/41 (48) HPs)
             Began as a Minotaur Fighter on Jan 2, 2024.
             Was an Initiate of Gozag.
             Mangled by Edmund
             ... wielding a +4 flail of draining
              (13 damage)
             ... on level 3 of the Dungeon.
             The game lasted 00:01:12 (2791 turns).

Flugslaktarn the Trooper (Minotaur Fighter)         Turns: 2791, Time: 00:01:12

HP:   -9/41 (48)    AC:  7    Str: 23    XL:     5   Next: 56%
MP:   4/4           EV:  9    Int:  5    God:    Gozag
Gold: 175           SH:  5    Dex:  9    Spells: 4/4 levels left

rFire   . . .        a - +0 war axe
rCold   . . .        c - +1 buckler
rNeg    . . .        b - +0 scale mail
rPois   .            (helmet restricted)
rElec   .            (no cloak)
rCorr   .            (no gloves)
SInv    .            (no boots)
Will    +....        (no amulet) Stlth
                     m - ring of willpower
HPRegen 0.26/turn    (no ring)
MPRegen 0.09/turn

%: no passive effects
@: heavily drained
A: horns 2, retaliatory headbutt
a: Renounce Religion, Potion Petition, Call Merchant, Bribe Branch


You were on level 3 of the Dungeon.
You worshipped Gozag.
Gozag was aware of your devotion.
You visited 1 branch of the dungeon, and saw 4 of its levels.

You collected 190 gold pieces.
You paid 15 gold pieces to Gozag.

Inventory:

Hand Weapons
 a - a +0 war axe (weapon)
Armour
 b - a +0 scale mail (worn)
 c - a +1 buckler (worn)
Jewellery
 k - a +6 ring of strength
   (You found it on level 3 of the Dungeon)
 m - a ring of willpower (left hand)
   (You found it on level 1 of the Dungeon)
 o - a ring of poison resistance
   (You found it on level 3 of the Dungeon)
Scrolls
 g - a scroll of teleportation {unknown}
 i - a scroll of vulnerability {unknown}
 j - 3 scrolls of noise
 r - 3 scrolls of identify
 s - a scroll of immolation {unknown}
Potions
 d - 2 potions of might
 e - 2 potions of curing {unknown}
 h - a potion of resistance {unknown}
 p - 2 potions of attraction {unknown}
 q - a potion of brilliance {unknown}


   Skills:
 * Level 5.5 Fighting
 * Level 4.8 Axes
 + Level 4.7 Armour
 - Level 3.6 Shields


You had 4 spell levels left.
You didn't know any spells.
Your spell library contained the following spells:

 Spells                   Type           Power      Damage    Failure   Level
 Apportation              Tloc           0%         N/A       83%         1
 Necrotise                Necr           0%         1d4       83%         1
 Sting                    Conj/Alch      0%         1d3       83%         1
 Summon Small Mammal      Summ           0%         N/A       83%         1


Dungeon Overview and Level Annotations

Branches:
Dungeon (4/15)
 Temple: D:4-7

Altars:
Elyvilon
Gozag
Ru
Xom
The Shining One

Annotations:
D:3 Edmund


Innate Abilities, Weirdness & Mutations

You have a pair of horns on your head.
You reflexively headbutt those who attack you in melee.


Message History

You feel very sick.
No target in view!
You feel sick.
You feel sick.
You feel sick.
You feel sick.
You feel sick.
You feel sick.
You are no longer poisoned.
You now have 134 gold pieces (gained 5).
Things that are here:
a +0 short sword; 8 poisoned darts No target in view!
You open the door.
A goblin comes into view. It is wielding a +0 club.
The goblin shouts!
There is an open door here.
A goblin is nearby!
A goblin is nearby!
You hit the goblin.
You kill the goblin!
No target in view!
No target in view!
No target in view!
No target in view!
You now have 139 gold pieces (gained 5).
You see here a +0 club.
There is an open door here.
p - 2 white potions (gained 1)
Found a stone staircase leading down.
No target in view!
You now have 154 gold pieces (gained 15).
As you open the door, it creaks loudly!
There is an open door here.
You now have 168 gold pieces (gained 14).
You enter the shallow water.
Moving in this stuff is going to be slow.
An adder comes into view.
Found a white marble altar of Elyvilon.
The adder hisses angrily.
An adder is nearby!
You miss the adder. You headbutt the adder!
You kill the adder!
No target in view!
No target in view!
No target in view!
No target in view!
No target in view!
No target in view!
You now have 175 gold pieces (gained 7).
Found a stone staircase leading up.
You open the door.
There is an open door here.
Edmund the Younger comes into view.
He is wielding a +4 flail of draining.
Edmund is nearby!
You block Edmund's attack.
You completely miss Edmund. Edmund barely misses you.
You hit Edmund. Your headbutt misses Edmund.
Edmund is lightly wounded.
Edmund hits you with a +4 flail of draining.
You feel drained. You block Edmund's attack.
You hit Edmund but do no damage.
Edmund is lightly wounded.
Edmund hits you with a +4 flail of draining!
You feel drained.
Okay, then.
As you read the scroll labelled RIANEH LOUJOFEM, it crumbles to dust.
It is a scroll of identify.
j - 3 scrolls of noise;
r - 3 scrolls of identify
f - a scroll labelled ZAIBUADOXY Edmund hits you with a +4 flail of draining.
You feel drained.
Unknown command.
As you read the scroll labelled ZUSKIA KAXATSO, it crumbles to dust.
It is a scroll of enchant armour.
Your +0 buckler glows green for a moment.
Edmund hits you with a +4 flail of draining.
You feel drained.
* * * LOW HITPOINT WARNING * * *
Blink to where?
Press: ? - help, Dir - move target
As you read the scroll labelled ZAIBUADOXY, it crumbles to dust.
It was a scroll of blinking.
Edmund opens the door.
There is a stone staircase leading up here.
Edmund hits you with a +4 flail of draining!
* * * LOW HITPOINT WARNING * * *
You feel drained.
* * * LOW HITPOINT WARNING * * *
You climb upwards.
There is a stone staircase leading down here.
Unknown command.
As you read the scroll labelled SENTUF MICHAL, it crumbles to dust.
Your body is wracked with pain!
* * * LOW HITPOINT WARNING * * *
Edmund convulses!
It was a scroll of torment.
Edmund hits you with a +4 flail of draining!
You die...
Edmund says, "I'd like to see a scythe do that!"
Your body crumbles into a pile of gold.

#####>##### ##.
#.# #. #.# #.
####># ##+
#....#######..
#####.#...........
#.........####....
#.###†....###.....
#@# #.......+.....
#@# #......##.....
#.# ###.#..###....
#.#####.#..###....
#..............#..
##########.######+
#.# #. #.# #.
#.######.


You could see Edmund.

Vanquished Creatures
  Natasha (thrice) (D:2)
  An iguana (D:4)
  7 adders
  A dart slug (D:3)
  6 bats
  3 endoplasms
  A giant cockroach (D:3)
  6 goblins
  6 hobgoblins
  2 quokkas
  2 ball pythons
  3 frilled lizards
  5 kobolds
  3 rats (D:1)
49 creatures vanquished.

Notes
Turn   | Place    | Note
-------+----------+-------------------------------------------
     0 | D:1      | Flugslaktarn the Minotaur Fighter began the quest for the
                  | Orb.
     0 | D:1      | Reached XP level 1. HP: 19/19 MP: 0/0
    79 | D:1      | Reached XP level 2. HP: 24/27 MP: 1/1
   169 | D:1      | Reached skill level 4 in Fighting
   551 | D:2      | Noticed Natasha
   553 | D:2      | Killed Natasha
   554 | D:2      | Reached XP level 3. HP: 34/34 MP: 2/2
   610 | D:2      | Noticed Natasha
   614 | D:2      | Killed Natasha
   615 | D:2      | Reached XP level 4. HP: 41/41 MP: 3/3
   651 | D:2      | Noticed Natasha
   658 | D:2      | Killed Natasha
   756 | D:2      | Reached skill level 5 in Fighting
  1288 | D:3      | Reached XP level 5. HP: 46/48 MP: 4/4
  1573 | D:3      | Found a glowing golden altar of the Shining One.
  1575 | D:3      | Found an opulent altar of Gozag.
  1578 | D:3      | Found a shimmering altar of Xom.
  1581 | D:3      | Became a worshipper of Gozag Ym Sagoz the Greedy
  2186 | D:4      | Found a sacrificial altar of Ru.
  2700 | D:4      | Found a white marble altar of Elyvilon.
  2765 | D:4      | Noticed Edmund
  2791 | D:3      | Mangled by Edmund

Illustrated notes

Levels and vault maps discovered:
D:1:      minmay_arrival_shattered_statue, layout_rooms, serial_curves,
          eino_curves_02, eino_curves_01, st_stairs_10
D:2:      layout_loops_cross, uniq_natasha
D:3:      layout_loops_corners, gammafunk_temple_overflow_forgotten
D:4:      layout_basic, nicolae_ru_awakened_eye, elyvilon_altar_1,
          serial_rivers, chequers_serial_rivers_small_a,
          chequers_serial_rivers_room_a, chequers_serial_rivers_marsh,
          chequers_serial_rivers_room_a, chequers_serial_rivers_micro_c,
          uniq_edmund

Skill      XL: |  1  2  3  4 |
---------------+-------------+-----
Fighting       | 4 5 |  5.5
Axes           | 3 4 |  4.8
Armour         | 4 |  4.7
Shields        | |  3.6

Action                     |  1- 3 |  4- 6 || total
---------------------------+-------+-------++-------
  Melee: War axe           |    40 |    60 ||   100
         Headbutt          |     5 |     8 ||    13
    Use: Scroll            |       |     4 ||     4
 Armour: Scale mail        |    28 |    39 ||    67
  Dodge: Dodged            |    27 |    28 ||    55
  Block: Buckler           |    15 |    13 ||    28

Table legend: (Time is in decaauts)
 A = Elapsed time spent in this place.
 B = Non-inter-level travel time spent in this place.
 C = Inter-level travel time spent in this place.
 D = Time resting spent in this place.
 E = Time spent auto-exploring this place.
 F = Levels seen in this place.
 G = Mean time per level.
                   A        B        C        D        E       F      G
               +--------+--------+--------+--------+--------+-----+--------+
         Total |   2826 |   2725 |    101 |      0 |   2387 |   4 |  706.5 |
       Dungeon |   2826 |   2725 |    101 |      0 |   2387 |   4 |  706.5 |
               +--------+--------+--------+--------+--------+-----+--------+

Top non-repeatable levels by time:
     D:4: 793 daAuts
     D:3: 781 daAuts
     D:2: 714 daAuts
     D:1: 537 daAuts
